AoeStats
← 无忧无虑

Arabia

509307130Analyzed
1v1 RM · 6d ago on Sep 26, 2026· 24m 36s· 2 players
Game mode
Random Map
Map size
Tiny (2 player)
Population
200
Speed
Normal
Resources
Standard
Victory
Conquest
Starting age
Dark Age
Ending age
Imperial Age
RankedLock teamsTeams togetherTeam positionsShared explorationLock speedFull tech treeHidden civsTurbo modeCheats
Victory
Defeat
🇨🇿 Franks · Czechia
927
+17
🇨🇳 Teutons · China
952
-50
BzZzenec
6:55 Loom
9:54 Feudal Age
11:44 Man-at-Arms
18:40 Double-Bit Axe
21:21 Scale Mail Armor
21:15 Fletching
22:34 Wheelbarrow
22:23 Scale Barding Armor
22:57 Forging
27:11 Castle Age
无忧无虑
13:24 Feudal Age
16:06 Wheelbarrow
16:34 Man-at-Arms
19:55 Double-Bit Axe
Connection lost

Rejoining the realm…

Still unreachable

The connection could not be restored.

Session expired

The server has moved on; the page needs a fresh start.